 Dungeon Crawl Stone Soup version 0.25-a0-547-g27a0b5d1ef (webtiles) character file.

Game seed: 11671976142709999542, levelgen mode: classic

5166 EnegeticOcto the Cleaver (level 10, -6/96 HPs)
             Began as a Deep Dwarf Fighter on Feb 21, 2020.
             Was a Believer of Makhleb.
             Killed from afar by a fire dragon (51 damage)
             ... with a blast of flame
             ... on level 9 of the Dungeon.
             The game lasted 00:04:15 (4857 turns).

EnegeticOcto the Cleaver (Deep Dwarf Fighter)       Turns: 4857, Time: 00:04:16

Health: -6/96      AC: 18    Str: 22    XL:     10   Next: 34%
Magic:  7/7        EV:  9    Int: 10    God:    Makhleb [**....]
Gold:   395        SH: 11    Dex: 12    Spells: 9/9 levels left

rFire    . . .     SeeInvis .   a - +0 war axe
rCold    . . .     Gourm    .   c - +0 kite shield
rNeg     + . .     Faith    .   r - +0 chain mail
rPois    .         Spirit   .   n - +0 helmet
rElec    .         Reflect  .   o - +0 cloak
rCorr    .         Harm     .   q - +2 pair of gloves
MR       +....                  v - +1 pair of boots
Stlth    ..........             (no amulet)
HPRegen  0.00/turn              x - ring of positive energy
MPRegen  0.10/turn              (no ring)

@: non-regenerating
A: damage resistance, heal wounds, sense surroundings 2, no regeneration
a: Heal Wounds, Minor Destruction, Renounce Religion


You were on level 9 of the Dungeon.
You worshipped Makhleb.
Makhleb was pleased with you.
You were not hungry.

You visited 2 branches of the dungeon, and saw 10 of its levels.

You collected 395 gold pieces.

Inventory:

Hand Weapons
 a - a +0 war axe (weapon)
Armour
 c - a +0 kite shield (worn)
 n - a +0 helmet (worn)
 o - a +0 cloak (worn)
 q - a +2 pair of gloves (worn)
 r - a +0 chain mail (worn)
 v - a +1 pair of boots (worn)
Jewellery
 x - a ring of positive energy (left hand)
Wands
 g - a wand of digging (2) {@v2}
 s - a wand of flame (19)
 t - a wand of paralysis (12)
Scrolls
 d - 2 scrolls of remove curse {@r6}
 i - 5 scrolls of teleportation {@r2}
 u - a scroll of fear
 w - a scroll of immolation {unknown}
 y - a scroll of enchant armour {unknown}
Potions
 b - a potion of heal wounds {@q2}
 f - 2 potions of degeneration {unknown}
 j - a potion of stabbing {@q5}
 k - a potion of might {@q3}
 l - 2 potions of magic {unknown}
 m - 6 potions of curing {@q1}
 p - 2 potions of flight
Comestibles
 e - 8 rations
 h - a chunk of flesh


   Skills:
 * Level 8.0 Fighting
 * Level 9.0 Axes
 + Level 7.0 Armour
 + Level 6.0 Dodging
 + Level 7.0 Shields
 * Level 3.9 Invocations


You had 9 spell levels left.
You didn't know any spells.
Your spell library was empty.

Dungeon Overview and Level Annotations

Branches:
Dungeon (9/15)             Temple (1/1) D:7             Orc (0/2) D:9
   Lair: D:8-11

Altars:
Cheibriados
Dithmenos
Elyvilon
Fedhas
Gozag
Hepliaklqana
Kikubaaqudgha
Makhleb
Nemelex Xobeh
Qazlal
Ru
Sif Muna
Trog
Uskayaw
Vehumet
Wu Jian
Xom
Zin
The Shining One
Beogh

Shops:
D:4 (

Annotations:
D:6 exclusion: oklob plant


Innate Abilities, Weirdness & Mutations

You are resistant to damage.
You can heal yourself by infusing magical energy.
You passively map the area around you.
You do not regenerate.


Message History

The bolt of electricity hits you!
* * * LOW HITPOINT WARNING * * *
You feel much better. You block the fire dragon's attack.
The fire dragon claws you. The fire dragon closely misses you.
You feel much better.
The electric eel shoots out a bolt of lightning at you!
The bolt of electricity hits you. The fire dragon bites you!
The fire dragon barely misses you. The fire dragon tramples you.
You stumble backwards!
The fire dragon breathes flames at you. The blast of flame hits you.
The electric eel shoots out a bolt of lightning at you!
The bolt of electricity misses you. The fire dragon breathes flames at you.
The blast of flame hits you!!!
* * * LOW HITPOINT WARNING * * *
You feel much better.
You feel much better.
Some of the chunks of flesh in your inventory have rotted away.
Evoke which item? (* to show all) (? for menu, Esc to quit)
Aiming: Paralyse
Press: ? - help, Shift-Dir - straight line, f - fire dragon
Aim: a fire dragon (chance to defeat MR: 15%)
The fire dragon resists with almost no effort.
The fire dragon bites you but does no damage.
The fire dragon claws you but does no damage.
The fire dragon closely misses you.
Evoke which item? (* to show all) (? for menu, Esc to quit)
Aiming: Paralyse
Press: ? - help, Shift-Dir - straight line, f/p - fire dragon
Aim: a fire dragon (chance to defeat MR: 15%)
The fire dragon resists with almost no effort.
The fire dragon closely misses you. You block the fire dragon's attack.
The fire dragon tramples you but does no damage.
Evoke which item? (* to show all) (? for menu, Esc to quit)
Aiming: Paralyse
Press: ? - help, Shift-Dir - straight line, f/p - fire dragon
Aim: a fire dragon (chance to defeat MR: 15%)
The fire dragon resists with almost no effort.
The fire dragon misses you.
The fire dragon claws you but does no damage.
The fire dragon tramples you but does no damage.
Evoke which item? (* to show all) (? for menu, Esc to quit)
Aiming: Paralyse
Press: ? - help, Shift-Dir - straight line, f/p - fire dragon
Aim: a fire dragon (chance to defeat MR: 15%)
The fire dragon resists with almost no effort.
You block the fire dragon's attack. The fire dragon claws you.
The fire dragon tramples you!
You stumble backwards!
Evoke which item? (* to show all) (? for menu, Esc to quit)
Aiming: Paralyse
Press: ? - help, Shift-Dir - straight line, f/p - fire dragon
Aim: a fire dragon (chance to defeat MR: 15%)
The fire dragon resists with almost no effort.
The fire dragon breathes flames at you. The blast of flame hits you!!
Evoke which item? (* to show all) (? for menu, Esc to quit)
Aiming: Paralyse
Press: ? - help, Shift-Dir - straight line, f/p - fire dragon
Aim: a fire dragon (catching its breath, chance to defeat MR: 15%)
The fire dragon resists with almost no effort.
You block the fire dragon's attack. x2; The fire dragon closely misses you.
You feel much better. You block the fire dragon's attack.
The fire dragon claws you but does no damage.
The fire dragon tramples you but does no damage.
Okay, then.
Okay, then.
You hit the fire dragon but do no damage.
You block the fire dragon's attack. The fire dragon claws you.
The fire dragon tramples you.
You stumble backwards!
You hit the fire dragon.
The fire dragon is lightly wounded.
The fire dragon bites you. The fire dragon claws you.
The fire dragon tramples you but does no damage.
Your chain mail prevents you from hitting the fire dragon.
The fire dragon is lightly wounded.
The fire dragon bites you!
The fire dragon claws you but does no damage.
The fire dragon tramples you.
You hold your ground!
The fire dragon bites you. You block the fire dragon's attack.
The fire dragon closely misses you.
You hit the fire dragon but do no damage.
The fire dragon is lightly wounded.
The fire dragon completely misses you.
The fire dragon claws you but does no damage.
The fire dragon completely misses you.
You hit the fire dragon but do no damage.
The fire dragon is lightly wounded.
The fire dragon breathes flames at you. The blast of flame misses you.
Your shield and chain mail prevent you from hitting the fire dragon.
The fire dragon is lightly wounded.
The fire dragon bites you but does no damage.
You block the fire dragon's attack. The fire dragon tramples you!
You hold your ground!
You hit the fire dragon.
The fire dragon is lightly wounded.
The fire dragon breathes flames at you. The blast of flame hits you!!!
Ouch! That really hurt!
You die...

##### ####≈≈≈##
###..≈≈≈≈..
##....;≈≈...
###......≈≈≈..
#####.........≈≈≈≈
######@D...........≈≈≈≈
#......#####........≈≈≈
##.###### ##.......≈≈≈
##########..#
####...≈≈≈≈
........##.## ######≈≈
....#..###.#### ≈≈
....#..###....# *
#...#...#####.#
........#####.### ** *


You could see a fire dragon.

Vanquished Creatures
  Pikel (D:6)
  A hippogriff (D:9)
  Eustachio (D:4)
  A hungry ghost (D:8)
  8 orc warriors
  4 ice beasts
  2 black bears
  A sky beast (D:8)
  4 slaves (D:6)
  A phantom (D:6)
  4 ogres
  A centaur (D:6)
  Blork the orc (D:4)
  A wyvern zombie (D:7)
  2 scorpions
  A water moccasin skeleton (D:7)
  10 killer bees
  4 wights (D:7)
  4 howler monkeys
  5 crimson imps
  5 hounds
  2 jellies
  A bullfrog zombie (D:6)
  3 orc priests
  2 bullfrog skeletons
  3 iguanas
  11 orc wizards
  6 worker ants
  A hound zombie (D:7)
  A hound skeleton (D:7)
  Robin (D:4)
  3 gnolls (D:6)
  3 worker ant zombies
  6 adders
  A shadow imp (D:6)
  3 adder skeletons
  A worm (D:8)
  3 leopard geckos
  38 orcs
  A ball python (D:6)
  3 giant cockroaches
  7 goblins
  7 hobgoblins
  5 jackals (D:6)
  5 quokkas
  2 bats
  2 frilled lizards
  A kobold (D:5)
  A leopard gecko skeleton (D:6)
185 creatures vanquished.

Notes
Turn   | Place    | Note
-------+----------+-------------------------------------------
     0 | D:1      | EnegeticOcto the Deep Dwarf Fighter began the quest for the
                  | Orb.
     0 | D:1      | Reached XP level 1. HP: 20/20 MP: 1/1
   279 | D:3      | Noticed an orc wizard
   280 | D:3      | Noticed an orc wizard
   281 | D:3      | Noticed an orc wizard
   281 | D:3      | Noticed an orc wizard
   285 | D:3      | Reached XP level 2. HP: 22/27 MP: 2/2
   296 | D:3      | Reached skill level 3 in Axes
   296 | D:3      | Reached skill level 1 in Dodging
   296 | D:3      | Reached XP level 3. HP: 26/34 MP: 3/3
   302 | D:3      | Reached XP level 4. HP: 23/42 MP: 4/4
   364 | D:4      | Reached XP level 5. HP: 31/49 MP: 5/5
   409 | D:4      | Found Lutuyf's Antique Weapon Emporium.
   411 | D:4      | Noticed Blork the orc
   430 | D:4      | Killed Blork the orc
   430 | D:4      | Reached skill level 4 in Axes
   430 | D:4      | Reached XP level 6. HP: 42/57 MP: 6/6
   459 | D:4      | Noticed Robin
   483 | D:4      | Killed Robin
   690 | D:4      | Noticed Eustachio
   717 | D:4      | Killed Eustachio
   883 | D:5      | Entered Level 5 of the Dungeon
   884 | D:5      | Found a radiant altar of Vehumet.
   886 | D:5      | Noticed an ice beast
   910 | D:5      | Killed an ice beast
   910 | D:5      | Reached XP level 7. HP: 25/66 MP: 7/7
  1031 | D:5      | Reached skill level 5 in Axes
  1300 | D:5      | Found an ornate altar of the Wu Jian Council.
  1656 | D:6      | Reached skill level 5 in Fighting
  1667 | D:6      | Reached skill level 5 in Shields
  1676 | D:6      | Reached skill level 5 in Armour
  1695 | D:6      | Reached XP level 8. HP: 55/74 MP: 6/6
  1822 | D:6      | Reached skill level 6 in Axes
  1966 | D:6      | Found a shimmering altar of Xom.
  1966 | D:6      | Noticed an oklob plant
  2022 | D:6      | Found a hide-covered altar of Uskayaw.
  2023 | D:6      | Noticed a +0 dagger
  2025 | D:6      | Noticed a +0 dagger
  2237 | D:6      | Noticed Pikel
  2266 | D:6      | Killed Pikel
  2266 | D:6      | Reached skill level 7 in Axes
  2429 | D:7      | Gained mutation: You passively map the area around you.
                  | [Deep Dwarf growth]
  2429 | D:7      | Reached XP level 9. HP: 81/85 MP: 6/6
  2550 | D:7      | Found a staircase to the Ecumenical Temple.
  2569 | Temple   | Entered the Ecumenical Temple
  2852 | D:7      | Reached skill level 5 in Dodging
  2866 | D:7      | Found a glowing silver altar of Zin.
  2981 | D:7      | Reached skill level 8 in Axes
  3049 | D:7      | Found a sacrificial altar of Ru.
  3190 | D:7      | Found a burning altar of Makhleb.
  3190 | D:7      | Noticed an Executioner
  3869 | D:7      | Noticed an orange demon
  3871 | D:7      | Became a worshipper of Makhleb the Destroyer
  3910 | D:8      | Found a hazy altar of Hepliaklqana.
  4006 | D:8      | Reached skill level 1 in Invocations
  4047 | D:8      | Found an opulent altar of Gozag.
  4096 | D:8      | Found a snail-covered altar of Cheibriados.
  4300 | D:8      | Reached XP level 10. HP: 61/94 MP: 7/7
  4444 | D:8      | Found a shimmering blue altar of Sif Muna.
  4536 | D:9      | Reached * piety under Makhleb
  4571 | D:9      | Found a roughly hewn altar of Beogh.
  4571 | D:9      | Found a staircase to the Orcish Mines.
  4602 | D:9      | Reached skill level 9 in Axes
  4782 | D:9      | Reached ** piety under Makhleb
  4823 | D:9      | Noticed a fire dragon
  4857 | D:9      | Killed from afar by a fire dragon

Levels and vault maps discovered:
D:1:      scummos_arrival_hexagon, layout_basic
D:2:      layout_basic, lemuel_coloured_pillars_altar, lemuel_doored_altar,
          tgw_trog
D:3:      layout_basic, okawaru_metal_pillars_1_2, minmay_misc_feat_enclosed
D:4:      layout_basic, serial_shops, nicolae_shop_waterfront, hex_intersection,
          uniq_robin, uniq_blork_the_orc, uniq_eustachio
D:5:      layout_gridville, nicolae_overflow_hidden_temple,
          vehumet_altar_wand_db, first_ration, corexii_checkpoint_a
D:6:      layout_basic, dancing_weapons_uskayaw, lemuel_oklob_altar, uniq_pikel
D:7:      layout_basic, nicolae_ru_sacrificial_ziggurat,
          nicolae_overflow_crystal_walls, makhleb_altar_promises_db,
          minmay_temple_entry_wispy
D:8:      layout_cave_pools, kennysheep_mini,
          nicolae_gozag_cash_rules_everything_around_me,
          cheibrodos_worm_habitat, led_sif_pool
D:9:      dragon1_lemuel, layout_stronghold, david_orc_5, serial_shops,
          nicolae_shop_behind_doors, uniq_erolcha
Temple:   compressed_dpeg_triangle_lava_temple

Skill      XL: |  1  2  3  4  5  6  7  8  9 10 |
---------------+-------------------------------+-----
Fighting       | 3 4 5 6 7 8 |  8.0
Axes           | 3 4 5 7 8 9 |  9.0
Dodging        | 1 2 3 4 5 6 |  6.0
Shields        | 4 5 6 7 |  7.0
Armour         | 4 5 6 7 |  7.0
Invocations    | 2 3 |  3.9

Action                   |  1- 3 |  4- 6 |  7- 9 | 10-12 || total
-------------------------+-------+-------+-------+-------++-------
Melee: War axe           |    38 |   127 |   509 |   133 ||   807
 Abil: Heal Wounds       |     1 |     4 |    14 |    11 ||    30
Evoke: Wand              |       |       |       |     6 ||     6
  Use: Scroll            |       |       |    11 |       ||    11
       Potion            |       |       |     1 |       ||     1
  Eat: Chunk             |       |       |    17 |     1 ||    18
       Ration            |       |       |     4 |       ||     4
Armor: Scale mail        |    30 |    79 |   108 |       ||   217
       Chain mail        |       |       |   184 |    93 ||   277
Dodge: Dodged            |    11 |    63 |   252 |    93 ||   419
Block: Kite shield       |    31 |   103 |   348 |   116 ||   598

Table legend:
 A = Non-vault XP
 B = Vault XP
 C = Vault XP percentage of total XP
 D = Non-vault monster count
 E = Vault monster count
 F = Vault count percentage of total count
                 A         B        C        D         E       F
            +---------+---------+-------+---------+---------+-------
      Total |    5474 |    1907 |  25.8 |     140 |      41 |  22.7
            +---------+---------+-------+---------+---------+-------
        D:1 |       1 |       0 |   0.0 |       1 |       0 |   0.0
        D:2 |       3 |       0 |   0.0 |       2 |       0 |   0.0
        D:3 |     160 |       0 |   0.0 |      11 |       0 |   0.0
        D:4 |     185 |     329 |  64.0 |      12 |      14 |  53.8
        D:5 |     376 |       5 |   1.3 |      11 |       3 |  21.4
        D:6 |     983 |     651 |  39.8 |      26 |       1 |   3.7
        D:7 |    2031 |       0 |   0.0 |      47 |       0 |   0.0
        D:8 |    1008 |       5 |   0.5 |      20 |       1 |   4.8
        D:9 |     727 |     917 |  55.8 |      10 |      22 |  68.8
            +---------+---------+-------+---------+---------+-------
